 Dungeon Crawl Stone Soup version 0.22.0-13-g43fe8f2 (webtiles) character file.

8626 mopl the Grappler (level 11, -2/107 HPs)
             Began as a Troll Monk on Aug 16, 2018.
             Slain by a freezing wraith (9 damage)
             ... led by a death knight
             ... on level 8 of the Dungeon.
             The game lasted 00:17:24 (8848 turns).

mopl the Grappler (Troll Monk)                      Turns: 8848, Time: 00:17:25

Health: -2/107     AC: 10    Str: 21    XL:     11   Next: 12%
Magic:  12/12      EV: 13    Int:  6    God:
Gold:   534        SH:  2    Dex: 15    Spells: 10/10 levels left

rFire    . . .     SeeInvis .     - Unarmed
rCold    + . .     Gourm    +   (no shield)
rNeg     . . .     Faith    .   r - +2 robe {rC+}
rPois    .         Spirit   .   (helmet restricted)
rElec    .         Reflect  +   F - +2 cloak
rCorr    .         Harm     .   (gloves unavailable)
MR       .....                  (boots unavailable)
Stlth    +++.......             y - +2 amulet of reflection
HPRegen  0.67/turn              l - ring of stealth
MPRegen  0.13/turn              (no ring)

@: no status effects
A: large, unfitting armour, claws 3, fast metabolism 3, gourmand, regeneration
1, shaggy fur 1, tough skin 2
a: no special abilities


You were on level 8 of the Dungeon.
You were not hungry.

You visited 1 branch of the dungeon, and saw 9 of its levels.
You also visited: Sewer.

You collected 534 gold pieces.

Inventory:

Hand Weapons
 p - the cursed +3 dagger "Doomm" {speed, +Rage Stlth+, unknown}
   (You found it on level 6 of the Dungeon)

   Attacks with this weapon are significantly faster.
   It lets you go berserk.
   It makes you more stealthy.
   It has a curse placed upon it.
 H - the +3 hunting sling of Destiny {flame, +Fly}
   (You found it on level 7 of the Dungeon)

   It causes projectiles fired from it to burn those they strike, causing extra
   injury to most foes and up to half again as much damage against particularly
   susceptible opponents.
   It lets you fly.
Missiles
 e - 212 stones
 k - 28 poisoned needles
 m - 6 tomahawks of returning
 t - 9 tomahawks (quivered)
Armour
 g - a scarf of cloud immunity
 r - a +2 robe of cold resistance (worn)
 F - a +2 cloak (worn)
Jewellery
 l - a ring of stealth (left claw)
 y - a +2 amulet of reflection (around neck)
Wands
 E - a wand of random effects (26)
 G - a wand of acid (10)
Scrolls
 c - a scroll of fog {unknown}
 d - 4 scrolls of teleportation
 o - 4 scrolls of remove curse {unknown}
 q - 2 scrolls of fear {unknown}
 u - 3 scrolls of amnesia {unknown}
 w - a scroll of blinking {unknown}
 C - a scroll of noise {unknown}
 I - a scroll of enchant weapon {unknown}
 J - a scroll of enchant armour {unknown}
Potions
 a - a potion of berserk rage {unknown}
 f - 2 potions of haste
 h - 3 potions of lignification {unknown}
 i - 6 potions of curing {unknown}
 n - 6 potions of heal wounds {unknown}
 s - a potion of agility
 v - a potion of ambrosia
 x - a potion of might
 z - a potion of mutation {!q}
 A - a potion of resistance
 B - a potion of cancellation
Comestibles
 b - 22 rations


   Skills:
 + Level 6.4 Fighting
 + Level 6.3 Throwing
 - Level 4.0 Armour
 + Level 6.4 Dodging
 - Level 1.0 Stealth
 * Level 10.5 Unarmed Combat
 + Level 3.5 Evocations


You had 10 spell levels left.
You didn't know any spells.
Your spell library contained the following spells:

 Spells                   Type           Power        Failure   Level  Hunger
 Confuse                  Hex            #.......     83%         3    ####...
 Regeneration             Chrm/Necr      #.........   83%         3    ####...
 Tukima's Dance           Hex            #.......     83%         3    ####...
 Ensorcelled Hibernation  Hex/Ice        #.....       58%         2    ###....
 Corona                   Hex            #......      45%         1    ##.....
 Shroud of Golubria       Chrm/Tloc      #.........   58%         2    ###....
 Dazzling Spray           Conj/Hex       #.....       83%         3    ####...
 Infusion                 Chrm           #...         45%         1    ##.....
 Song of Slaying          Chrm           #.......     58%         2    ###....
 Spectral Weapon          Hex/Chrm       #.......     83%         3    ####...


Dungeon Overview and Level Annotations

Branches:
Dungeon (9/15)             Temple (0/1) D:6
   Lair: D:8-11         Orc: D:9-12

Altars:
Ashenzari
Dithmenos
Elyvilon
Fedhas
Gozag
Kikubaaqudgha
Makhleb
Qazlal
Trog
Uskayaw
Vehumet
Yredelemnul
The Shining One

Shops:
D:7 *

Annotations:
D:7 dig
D:9 exclusion: door


Innate Abilities, Weirdness & Mutations

You are too large for most types of armour.
You have claws for hands.
Your metabolism is lightning-fast.
You like to eat raw meat.
Your natural rate of healing is unusually fast.
You are covered in fur. (AC +1)
You have very tough skin. (AC +2)


Message History

You scratch the freezing wraith but do no damage.
The freezing wraith is heavily damaged.
The freezing wraith hits you.
* * * LOW HITPOINT WARNING * * *
The freezing wraith freezes you! You resist.
* * * LOW HITPOINT WARNING * * *
The freezing wraith hits you!
* * * LOW HITPOINT WARNING * * *
Okay, then.
Evoke which item? (* to show all) (? for menu, Esc to quit)
Aiming: Corrosive Bolt
Press: ? - help, Shift-Dir - straight line, f/p - freezing wraith
Aim: a freezing wraith (heavily damaged)
The bolt of acid hits the freezing wraith.
The freezing wraith is splashed with acid.
The acid corrodes the freezing wraith!
The freezing wraith is almost destroyed.
You feel yourself speed up. The freezing wraith closely misses you.
The freezing wraith hits you!
You die...

#.......# #...# #.#........
###.)####.# #...# #.#.....##.
.##...>...# #...# #.#.....##.
.##..###..######...####.##...###.
.##..###..................#.## #.
......##.)................#.####.
.##.#.##<.................#....##
.#.......#######...###########.#
.#.......# #@..# #.# ##(##.#.##
#W#.# #.# ##.##...# #...# #.#
...(.#..# ####...# #.##
##.#.#..#####.##(..# #...
....)...#....#.(...# ###.
##.....##........### #.
...#.####..##..#(# #. ####.#
#.......#.### #.


You could see a freezing wraith.

Vanquished Creatures
  A death yak (D:9)
  Pikel (D:6)
  A queen bee (D:9)
  Prince Ribbit (D:6)
  2 hippogriffs (D:8)
  Sigmund (D:4)
  A wyvern (D:9)
  6 yaks
  A water moccasin (D:7)
  3 orc warriors
  A sky beast (D:9)
  An ice beast (D:9)
  3 slaves
  A phantom (D:7)
  3 ogres
  3 black bears
  A wolf (D:9)
  4 centaurs
  3 bullfrogs
  A big kobold (D:9)
  2 scorpions
  A hornet simulacrum (D:9)
  28 killer bees (D:9)
  10 wights
  An electric eel (D:9)
  A howler monkey (D:6)
  A bullfrog zombie (D:5)
  5 crimson imps
  3 jellies
  A gnoll shaman (D:4)
  3 hounds
  3 bullfrog skeletons
  4 orc priests
  10 orc wizards
  4 centaur skeletons
  5 iguanas
  8 worker ants
  3 killer bee simulacra (D:9)
  3 hound skeletons
  12 gnolls
  12 adders
  2 howler monkey skeletons
  4 shadow imps
  5 white imps (D:9)
  4 ufetubi
  15 oozes
  An adder skeleton (D:4)
  5 worms
  3 dart slugs
  An adder simulacrum (D:9)
  13 leopard geckos
  30 orcs
  10 ball pythons
  19 giant cockroaches
  6 hobgoblins
  7 jackals (D:4)
  12 kobolds
  3 quokkas
  2 ball python skeletons (D:4)
  8 bats
  15 frilled lizards
  8 goblins
  8 rats
340 creatures vanquished.

Vanquished Creatures (others)
  An orc wizard (D:4)
1 creature vanquished.

Grand Total: 341 creatures vanquished

Notes
Turn   | Place    | Note
-------+----------+-------------------------------------------
     0 | D:1      | mopl the Troll Monk began the quest for the Orb.
     0 | D:1      | Reached XP level 1. HP: 22/22 MP: 0/0
   113 | D:1      | Reached XP level 2. HP: 27/29 MP: 1/1
   755 | D:2      | Reached XP level 3. HP: 36/36 MP: 2/2
   770 | D:2      | Reached skill level 1 in Throwing
   779 | D:2      | Reached skill level 1 in Armour
   797 | D:2      | Reached XP level 4. HP: 25/44 MP: 3/3
  1076 | D:2      | Reached skill level 4 in Unarmed Combat
  1270 | D:2      | Found a shadowy altar of Dithmenos.
  1278 | D:2      | Found a hide-covered altar of Uskayaw.
  1295 | D:2      | Found a blossoming altar of Fedhas.
  1295 | D:2      | Found a stormy altar of Qazlal.
  1320 | D:2      | Found an opulent altar of Gozag.
  1788 | D:3      | Found a white marble altar of Elyvilon.
  1843 | D:3      | Reached XP level 5. HP: 52/52 MP: 4/4
  2159 | D:3      | Reached skill level 3 in Fighting
  2224 | D:4      | Reached skill level 3 in Dodging
  2346 | D:4      | Reached XP level 6. HP: 34/61 MP: 5/5
  2351 | D:4      | Reached skill level 2 in Throwing
  2400 | D:4      | Noticed Sigmund
  2470 | D:4      | Found a glowing golden altar of the Shining One.
  2525 | D:4      | HP: 2/61 [gnoll/spear (2)]
  2527 | D:4      | Reached skill level 2 in Armour
  2569 | D:3      | Reached skill level 5 in Unarmed Combat
  2692 | D:4      | Found a white marble altar of Elyvilon.
  2761 | D:4      | Found a glowing drain.
  2765 | Sewer    | Entered a sewer
  2842 | Sewer    | Reached XP level 7. HP: 62/67 MP: 6/6
  3339 | D:4      | Killed Sigmund
  3339 | D:4      | Reached skill level 3 in Throwing
  3346 | D:4      | Reached skill level 6 in Unarmed Combat
  3395 | D:4      | Reached skill level 4 in Fighting
  3593 | D:5      | Entered Level 5 of the Dungeon
  3597 | D:5      | Reached XP level 8. HP: 78/78 MP: 7/7
  3635 | D:5      | Reached skill level 3 in Armour
  3676 | D:5      | Reached skill level 4 in Dodging
  3749 | D:5      | Found a basalt altar of Yredelemnul.
  4374 | D:6      | Got a translucent dagger
  4497 | D:6      | Found a staircase to the Ecumenical Temple.
  4554 | D:6      | Noticed Prince Ribbit
  4658 | D:6      | Found a burning altar of Makhleb.
  4661 | D:6      | Noticed Pikel
  4782 | D:6      | Killed Pikel
  4782 | D:6      | Reached skill level 4 in Throwing
  4782 | D:6      | Reached skill level 7 in Unarmed Combat
  4794 | D:6      | Found a radiant altar of Vehumet.
  4811 | D:6      | Killed Prince Ribbit
  4811 | D:6      | Reached XP level 9. HP: 50/85 MP: 8/8
  5215 | D:7      | Reached skill level 4 in Armour
  5595 | D:7      | Reached skill level 8 in Unarmed Combat
  5607 | D:7      | Reached skill level 5 in Fighting
  5611 | D:7      | Reached skill level 5 in Dodging
  5667 | D:7      | Found an ancient bone altar of Kikubaaqudgha.
  5702 | D:7      | Reached skill level 1 in Evocations
  5818 | D:7      | Got an ancient hunting sling
  5819 | D:7      | Identified the +3 hunting sling of Destiny {flame, +Fly} (You found it on level 7 of the Dungeon)
  5833 | D:7      | Found Noteg's Serpentskin Sales.
  6152 | D:8      | Reached skill level 5 in Throwing
  6365 | D:8      | Found a bloodstained altar of Trog.
  6529 | D:8      | Reached skill level 2 in Evocations
  6529 | D:8      | Reached XP level 10. HP: 66/96 MP: 10/10
  6738 | D:8      | Reached skill level 9 in Unarmed Combat
  6868 | D:9      | Found a bloodstained altar of Trog.
  7010 | D:9      | Noticed a death yak
  7154 | D:9      | Found a shattered altar of Ashenzari.
  7593 | D:9      | Reached skill level 6 in Fighting
  7593 | D:9      | Reached skill level 6 in Dodging
  7609 | D:9      | Reached skill level 10 in Unarmed Combat
  7609 | D:9      | Reached skill level 3 in Evocations
  7777 | D:9      | Killed a death yak
  7777 | D:9      | Reached skill level 6 in Throwing
  7931 | D:9      | Noticed a death knight
  7931 | D:9      | Noticed a skeletal warrior
  8131 | D:9      | Reached XP level 11. HP: 57/105 MP: 12/12
  8675 | D:9      | Noticed a phantasmal warrior
  8848 | D:8      | Slain by a freezing wraith

Skill      XL: |  1  2  3  4  5  6  7  8  9 10 |
---------------+-------------------------------+-----
Throwing       | 1 2 3 4 5 6 |  6.3
Armour         | 1 2 3 4 |  4.0
Unarmed Combat | 4 5 6 7 8 10 | 10.5
Fighting       | 3 4 5 6 |  6.4
Dodging        | 3 4 5 6 |  6.4
Evocations     | 2 3 |  3.5
Stealth        | |  1.0

Action                   |  1- 3 |  4- 6 |  7- 9 | 10-12 || total
-------------------------+-------+-------+-------+-------++-------
Melee: Unarmed           |    65 |   261 |   438 |   304 ||  1068
       Punch             |       |     5 |    11 |     7 ||    23
Throw: Stone             |       |       |       |     4 ||     4
       Tomahawk          |       |       |       |    10 ||    10
Evoke: Wand              |       |       |     3 |    16 ||    19
  Use: Scroll            |       |     1 |       |     7 ||     8
 Stab: Sleeping          |     3 |     6 |    10 |     3 ||    22
       Paralysed         |       |       |     2 |     1 ||     3
       Distracted        |       |       |     1 |     1 ||     2
  Eat: Chunk             |     8 |    24 |    35 |    14 ||    81
Armor: Robe              |    16 |    82 |    81 |    90 ||   269
Dodge: Dodged            |    30 |   135 |   208 |   216 ||   589
Block: Other             |       |       |     9 |    14 ||    23
